 Dungeon Crawl Stone Soup version 0.28-a0-224-g76b539d98b (webtiles) character file.

Game seed: 17508039556208430959

47 Arne the Gusty (level 3, 0/20 HPs)
             Began as a Tengu Air Elementalist on Aug 21, 2021.
             Succumbed to an adder's poison
             ... on level 2 of the Dungeon.
             The game lasted 00:14:17 (1378 turns).

Arne the Gusty (Tengu Air Elementalist)             Turns: 1378, Time: 00:14:17

Health: 0/20       AC:  2    Str: 14    XL:     3   Next: 70%
Magic:  6/7        EV: 12    Int: 16    God:
Gold:   123        SH:  0    Dex: 14    Spells: 5/6 levels left

rFire   . . .      SeeInvis .   m - +0 spear
rCold   . . .      Faith    .   (no shield)
rNeg    . . .      Spirit   .   a - +0 robe
rPois   .          Reflect  .   (helmet restricted)
rElec   .          Harm     .   (no cloak)
rCorr   .          Rampage  .   (no gloves)
Will    +....                   (boots unavailable)
Stlth   ++........              (no amulet)
HPRegen 0.06/turn               c - ring of willpower
MPRegen 0.10/turn               k - +6 ring of strength

@: lethally poisoned (0 -> -10)
A: beak, talons 3
a: no special abilities


You were on level 2 of the Dungeon.
You visited 1 branch of the dungeon, and saw 2 of its levels.

You collected 123 gold pieces.

Inventory:

Hand Weapons
 d - a +0 short sword
 m - a +0 spear (weapon)
Armour
 a - a +0 robe (worn)
Jewellery
 c - a ring of willpower (left hand)
 k - a +6 ring of strength (right hand)
Scrolls
 e - a scroll of enchant weapon {unknown}
 h - a scroll of fear {unknown}
 i - a scroll of identify {unknown}
 n - a scroll of blinking {unknown}
Potions
 b - a potion of curing {unknown}
 f - a potion of haste {unknown}
 g - a potion of might {unknown}
 j - a potion of berserk rage {unknown}
 l - a potion of heal wounds {unknown}
 o - 2 potions of degeneration {unknown}


   Skills:
 * Level 0.6 Fighting
 - Level 0.4 Short Blades
 * Level 2.6 Dodging
 + Level 2.4 Stealth
 + Level 2.2 Spellcasting
 + Level 2.0 Conjurations
 + Level 4.6 Air Magic


You had 5 spell levels left.
You knew the following spells:

 Your Spells              Type           Power      Damage    Failure   Level
a - Shock                 Conj/Air       48%        1d6       5%          1

Your spell library contained the following spells:

 Spells                   Type           Power      Damage    Failure   Level
 Static Discharge         Conj/Air       12%        N/A       8%          2
 Swiftness                Air            16%        N/A       9%          3
 Pain                     Necr           4%         1d4       21%         1
 Summon Small Mammal      Summ           4%         N/A       21%         1
 Airstrike                Air            8%         N/A       30%         4
 Call Canine Familiar     Summ           1%         N/A       52%         3
 Summon Guardian Golem    Hex/Summ       1%         N/A       52%         3
 Agony                    Necr           1%         N/A       99%         5
 Excruciating Wounds      Necr           0%         N/A       99%         5


Dungeon Overview and Level Annotations

Branches:
Dungeon (2/15)

Altars:

Shops:
D:1 =


Innate Abilities, Weirdness & Mutations

You have a beak for a mouth.
You have claws for feet.


Message History

You see here a rat corpse.
n - a scroll labelled RURGHY HAVO
Found a stone staircase leading down.
Found 2 metallic inky potions and a scale mail.
A hobgoblin comes into view.
The hobgoblin shouts!
Casting: Shock (safe; 5% risk of failure)
Confirm with . or Enter, or press ? or * to list all spells.
Aiming: Shock (safe; 5% risk of failure)
Press: ? - help, Shift-Dir - straight line, f - hobgoblin
Aim: a hobgoblin (68% to hit)
The zap hits the hobgoblin.
You kill the hobgoblin!
o - 2 metallic inky potions An adder comes into view.
The adder hisses angrily.
The adder bites you.
You hit the adder.
The adder is moderately wounded.
The adder bites you.
You hit the adder. Your peck misses the adder.
The adder is heavily wounded.
The adder bites you.
You are poisoned.
The adder poisons you! The adder bites you.
* * * LOW HITPOINT WARNING * * *
You are more poisoned.
The adder poisons you!
Casting: Shock (safe; 5% risk of failure)
Confirm with . or Enter, or press ? or * to list all spells.
Aiming: Shock (safe; 5% risk of failure)
Press: ? - help, Shift-Dir - straight line The zap hits the adder.
The adder is almost dead.
The zap hits the adder.
You kill the adder!
* * * LOW HITPOINT WARNING * * *
You feel very sick.
Your Conjurations skill increases to level 2!
You die...

...†.............................
.....#................####.######
.#...#....†..###......# #.#
##...#.......# #......# #.#
.....#.......# #......# #.#
###..#.......# #####.## #.#
.........### #.#####.#
.#..##############.#.....# ....
.......@....#.....#### ####.
.########†#............ ...
#.#...[........ .#
#.#............. .#
#.##............ .##...#
...<.....#............ ..#...# ##
#........#......####.. ..#... .
+........#.......^ ..#..# .#
#........#......###


There were no monsters in sight!

Vanquished Creatures
  An adder (D:2)
  3 dart slugs (D:1)
  An endoplasm (D:2)
  4 hobgoblins
  3 jackals (D:1)
  3 kobolds (D:1)
  3 ball pythons (D:1)
  5 bats
  2 frilled lizards
  3 goblins (D:1)
  3 rats
31 creatures vanquished.

Vanquished Creatures (others)
  A fungus (D:1)
  5 toadstools (D:1)
6 creatures vanquished.

Grand Total: 37 creatures vanquished

Notes
Turn   | Place    | Note
-------+----------+-------------------------------------------
     0 | D:1      | Arne the Tengu Air Elementalist began the quest for the
                  | Orb.
     0 | D:1      | Reached XP level 1. HP: 10/10 MP: 4/4
    95 | D:1      | Found Izimon's Jewellery Shop.
   153 | D:1      | Reached XP level 2. HP: 12/15 MP: 0/6
   842 | D:1      | Reached XP level 3. HP: 19/19 MP: 5/7
  1378 | D:2      | Succumbed to an adder's poison

Illustrated notes

Levels and vault maps discovered:
D:1:      minmay_arrival_wavy_path, layout_basic, serial_shops,
          nicolae_shop_waterfront, st_stairs_1, wad_floor_pattern_untrapped,
          chequers_serial_rivers_micro_a, grunt_decor_mini_mirrors,
          minmay_gold_behind_fungi, chequers_serial_rivers_large_a
D:2:      layout_basic, serial_shops, nicolae_shop_window_shopping,
          hellmonk_ecumenical_altar_leap_of_faith

Skill      XL: |  1  2  3 |
---------------+----------+-----
Conjurations   | 2 |  2.0
Fighting       | |  0.6
Short Blades   | |  0.4
Dodging        | |  2.6
Stealth        | |  2.4
Spellcasting   | |  2.2
Air Magic      | |  4.6

Action                   || total
-------------------------++-------
Melee: Unarmed           ||     4
       Kick              ||     5
       Short sword       ||    31
       Peck              ||     5
       Spear             ||    12
 Cast: Shock             ||    31
 Stab: Sleeping          ||     4
Armor: Robe              ||     7
Dodge: Dodged            ||    34

Table legend: (Time is in decaauts)
 A = Elapsed time spent in this place.
 B = Non-inter-level travel time spent in this place.
 C = Inter-level travel time spent in this place.
 D = Time resting spent in this place.
 E = Time spent auto-exploring this place.
 F = Levels seen in this place.
 G = Mean time per level.
                   A        B        C        D        E       F      G
               +--------+--------+--------+--------+--------+-----+--------+
         Total |   1385 |   1385 |      0 |     69 |    309 |   2 |  692.5 |
       Dungeon |   1385 |   1385 |      0 |     69 |    309 |   2 |  692.5 |
               +--------+--------+--------+--------+--------+-----+--------+

Top non-repeatable levels by time:
     D:1: 1212 daAuts
     D:2: 173 daAuts
